| TOP OF THE 1ST |
|
Milwaukee (NYP) Brewers batting - Pitching for Brooklyn Cyclones : RHP Jeremy Delka
|
|
Pitching: RHP Jeremy Delka
|
|
|
Batting: LHB Rick Campbell
|
0-0: Swinging Strike 0-1: Ball 1-1: Ball 2-1: DOUBLE (Groundball, 3L, EV 105.0 MPH)
|
|
Batting: RHB Hector Silva
|
0-0: Ground out 1-3 (Groundball, 15S, EV 64.4 MPH)
|
|
Batting: LHB Adam Hill
|
0-0: Ball 1-0: Ball 2-0: Ball 3-0: Called Strike 3-1: Foul Ball, location: 2F 3-2: Foul Ball, location: 2F 3-2: Base on Balls
|
|
Batting: SHB Aaron Neill
|
0-0: Ball 1-0: Called Strike 1-1: Ball Adam Hill steals 2nd base Rick Campbell steals 3rd base 2-1: SINGLE (Groundball, 25, EV 75.0 MPH) (infield hit)
|
|
Batting: LHB Jason Raker
|
0-0: Fielders Choice at 2nd, 4-6 (Groundball, 4, EV 77.5 MPH) Rick Campbell scores Adam Hill to third
|
|
Batting: RHB Chris Maul
|
0-0: Ball 1-0: Foul Ball, location: 2F 1-1: Ball Jason Raker steals 2nd base 2-1: Foul Ball, location: 2F 2-2: TRIPLE (Line Drive, 89XD, EV 113.8 MPH) Adam Hill scores Jason Raker scores
|
|
Batting: RHB Dustin Hartman
|
0-0: SINGLE (Groundball, 4MD, EV 98.1 MPH) Chris Maul scores
|
|
Batting: RHB Chris Riddel
|
0-0: Ball 1-0: SINGLE (Line Drive, 56D, EV 109.4 MPH) Dustin Hartman to second
|
|
Batting: RHB Dusty Bates
|
0-0: Called Strike 0-1: Called Strike 0-2: Fly out, F4 (Popup, 4M, EV 61.9 MPH)
|
| Top of the 1st over - 4 runs, 5 hits, 0 errors, 2 left on base; Milwaukee (NYP) 4 - Brooklyn 0 |
| BOTTOM OF THE 1ST |
|
Brooklyn Cyclones batting - Pitching for Milwaukee (NYP) Brewers : RHP Dave Mata
|
|
Pitching: RHP Dave Mata
|
|
|
Batting: SHB Tyler Maddux
|
0-0: Ball 1-0: Ball 2-0: Ball 3-0: Called Strike 3-1: SINGLE (Groundball, 6M, EV 87.5 MPH) (infield hit)
|
|
Batting: SHB Nick Daigle
|
0-0: Ball Tyler Maddux steals 2nd base (no throw) 1-0: Foul Ball, location: 2F 1-1: TRIPLE (Flyball, 78XD, EV 112.5 MPH) Tyler Maddux scores
|
|
Batting: RHB Mike Mathews
|
0-0: Ball 1-0: SINGLE (Groundball, 34D, EV 93.8 MPH) Nick Daigle scores
|
|
Batting: LHB Miguel Ramos
|
0-0: Foul Ball, location: 2F 0-1: Called Strike 0-2: Ball 1-2: Ball 2-2: Strikes out swinging
|
|
Batting: RHB Andy Carrell
|
0-0: Called Strike 0-1: Ground out 4-3 (Groundball, 34, EV 103.8 MPH) Mike Mathews to second
|
|
Batting: RHB Warren Carmichael
|
0-0: Called Strike 0-1: Ball 1-1: Ground out 6-3 (Groundball, 6D, EV 101.9 MPH)
|
| Bottom of the 1st over - 2 runs, 3 hits, 0 errors, 1 left on base; Milwaukee (NYP) 4 - Brooklyn 2 |
| TOP OF THE 2ND |
|
Milwaukee (NYP) Brewers batting - Pitching for Brooklyn Cyclones : RHP Jeremy Delka
|
|
Batting: LHB Rick Campbell
|
0-0: Foul Ball, location: 2F 0-1: Ball 1-1: Swinging Strike 1-2: Ball 2-2: Strikes out swinging
|
|
Batting: RHB Hector Silva
|
0-0: Called Strike 0-1: SINGLE (Groundball, 6D, EV 96.9 MPH)
|
|
Batting: LHB Adam Hill
|
0-0: Ball Hector Silva steals 2nd base 1-0: Ball Hector Silva steals 3rd base 2-0: DOUBLE (Line Drive, 78D, EV 113.1 MPH) Hector Silva scores
|
|
Batting: SHB Aaron Neill
|
0-0: Called Strike 0-1: Swinging Strike 0-2: Ball 1-2: Foul Ball, location: 2F 1-2: Ground out 5-3 (Groundball, 56, EV 88.1 MPH)
|
|
Batting: LHB Jason Raker
|
0-0: Swinging Strike 0-1: Ground out U3 (Groundball, 3S, EV 78.1 MPH)
|
| Top of the 2nd over - 1 run, 2 hits, 0 errors, 1 left on base; Milwaukee (NYP) 5 - Brooklyn 2 |
| BOTTOM OF THE 2ND |
|
Brooklyn Cyclones batting - Pitching for Milwaukee (NYP) Brewers : RHP Dave Mata
|
|
Batting: RHB Darwin Mills
|
0-0: Foul Ball, location: 2F 0-1: Swinging Strike 0-2: Foul Ball, location: 2F 0-2: Foul Ball, location: 2F 0-2: Ball 1-2: Strikes out looking
|
|
Batting: SHB Harrison Feist
|
0-0: Called Strike 0-1: Swinging Strike 0-2: SOLO HOME RUN (Line Drive, 9LD, EV 105.6 MPH), Distance : 392 ft
|
|
Batting: RHB Matt Tittle
|
0-0: DOUBLE (Line Drive, 9LS, EV 108.8 MPH)
|
|
Batting: SHB Tyler Maddux
|
0-0: Called Strike 0-1: Ball 1-1: SINGLE (Groundball, 6D, EV 105.0 MPH) Matt Tittle to third Runner from 3rd tries for Home, SAFE, throw by CF to home
|
|
Batting: SHB Nick Daigle
|
0-0: Ball Tyler Maddux steals 2nd base 1-0: Ground out 4-3 (Groundball, 34D, EV 102.5 MPH) Tyler Maddux to third
|
|
Batting: RHB Mike Mathews
|
0-0: Swinging Strike 0-1: Foul Ball, location: 2F 0-2: Strikes out swinging
|
| Bottom of the 2nd over - 2 runs, 3 hits, 0 errors, 1 left on base; Milwaukee (NYP) 5 - Brooklyn 4 |
| TOP OF THE 3RD |
|
Milwaukee (NYP) Brewers batting - Pitching for Brooklyn Cyclones : RHP Jeremy Delka
|
|
Batting: RHB Chris Maul
|
0-0: Ball 1-0: Foul Ball, location: 2F 1-1: DOUBLE (Line Drive, 78D, EV 110.6 MPH)
|
|
Batting: RHB Dustin Hartman
|
0-0: Ball Wild Pitch! Chris Maul to third 1-0: Called Strike 1-1: Ball 2-1: Reached on error, E6 (Groundball, 6, EV 92.5 MPH) Chris Maul scores
|
|
Pitching: RHP Danny Helm
|
|
|
Batting: RHB Chris Riddel
|
0-0: Called Strike 0-1: Ball 1-1: Swinging Strike 1-2: Strikes out swinging
|
|
Batting: RHB Dusty Bates
|
0-0: Grounds into double play, 5-4-3 (Groundball, 56, EV 102.5 MPH)
|
| Top of the 3rd over - 1 run, 1 hit, 1 error, 0 left on base; Milwaukee (NYP) 6 - Brooklyn 4 |
| BOTTOM OF THE 3RD |
|
Brooklyn Cyclones batting - Pitching for Milwaukee (NYP) Brewers : RHP Dave Mata
|
|
Batting: LHB Miguel Ramos
|
0-0: Fly out, F7 (Flyball, 7D, EV 75.6 MPH)
|
|
Batting: RHB Andy Carrell
|
0-0: Ground out 5-3 (Groundball, 5, EV 100.6 MPH)
|
|
Batting: RHB Warren Carmichael
|
0-0: Ball 1-0: Ground out 6-3 (Groundball, 6, EV 86.2 MPH)
|
| Bottom of the 3rd over - 0 runs, 0 hits, 0 errors, 0 left on base; Milwaukee (NYP) 6 - Brooklyn 4 |
| TOP OF THE 4TH |
|
Milwaukee (NYP) Brewers batting - Pitching for Brooklyn Cyclones : RHP Danny Helm
|
|
Batting: LHB Rick Campbell
|
0-0: Ball 1-0: Ball 2-0: Swinging Strike 2-1: Ball 3-1: Foul Ball, location: 2F 3-2: Base on Balls
|
|
Batting: RHB Hector Silva
|
0-0: Ball Rick Campbell steals 2nd base 1-0: Ball 2-0: Called Strike 2-1: Foul Ball, location: 2F 2-2: SINGLE (Flyball, 34D, EV 86.9 MPH) Rick Campbell to third
|
|
Batting: LHB Adam Hill
|
0-0: Ball 1-0: Ball 2-0: Ball 3-0: Called Strike 3-1: Called Strike 3-2: Foul Ball, location: 2F 3-2: Grounds into double play, 5-4-3 (Groundball, 56S, EV 93.1 MPH) Rick Campbell scores
|
|
Batting: SHB Aaron Neill
|
0-0: Ball 1-0: Ball 2-0: Ball 3-0: Hit by Pitch
|
|
Batting: LHB Jason Raker
|
0-0: Ball Aaron Neill steals 2nd base 1-0: Ball 2-0: Foul Ball, location: 2F 2-1: Ball 3-1: Fly out, F7 (Flyball, 78D, EV 89.4 MPH)
|
| Top of the 4th over - 1 run, 1 hit, 0 errors, 1 left on base; Milwaukee (NYP) 7 - Brooklyn 4 |
| BOTTOM OF THE 4TH |
|
Brooklyn Cyclones batting - Pitching for Milwaukee (NYP) Brewers : RHP Dave Mata
|
|
Batting: RHB Darwin Mills
|
0-0: Swinging Strike 0-1: Foul Ball, location: 2F 0-2: Strikes out looking
|
|
Batting: SHB Harrison Feist
|
0-0: Swinging Strike 0-1: Called Strike 0-2: Ground out 4-3 (Groundball, 4, EV 101.9 MPH)
|
|
Batting: RHB Matt Tittle
|
0-0: Ground out 6-3 (Groundball, 6, EV 86.9 MPH)
|
| Bottom of the 4th over - 0 runs, 0 hits, 0 errors, 0 left on base; Milwaukee (NYP) 7 - Brooklyn 4 |
| TOP OF THE 5TH |
|
Milwaukee (NYP) Brewers batting - Pitching for Brooklyn Cyclones : RHP Danny Helm
|
|
Batting: RHB Chris Maul
|
0-0: Ball 1-0: Called Strike 1-1: Ball 2-1: Foul Ball, location: 2F 2-2: SINGLE (Flyball, 8RS, EV 91.2 MPH)
|
|
Batting: RHB Dustin Hartman
|
0-0: Called Strike Chris Maul steals 2nd, throwing error, E2 Chris Maul to third 0-1: SINGLE (Groundball, 4MD, EV 101.9 MPH) Chris Maul scores
|
|
Batting: RHB Chris Riddel
|
0-0: Ball 1-0: Grounds into double play, 5-4-3 (Groundball, 56, EV 92.5 MPH)
|
|
Batting: RHB Dusty Bates
|
0-0: Ball 1-0: Foul Ball, location: 2F 1-1: Ball 2-1: Ball 3-1: Base on Balls
|
|
Batting: LHB Rick Campbell
|
0-0: Swinging Strike 0-1: Swinging Strike 0-2: Ground out 1-3 (Groundball, 34S, EV 61.9 MPH)
|
| Top of the 5th over - 1 run, 2 hits, 1 error, 1 left on base; Milwaukee (NYP) 8 - Brooklyn 4 |
| BOTTOM OF THE 5TH |
|
Brooklyn Cyclones batting - Pitching for Milwaukee (NYP) Brewers : RHP Dave Mata
|
|
Batting: SHB Tyler Maddux
|
0-0: Swinging Strike 0-1: Fly out, F7 (Flyball, 78D, EV 86.9 MPH)
|
|
Batting: SHB Nick Daigle
|
0-0: Foul Ball, location: 2F 0-1: Foul Ball, location: 2F 0-2: Ball 1-2: SINGLE (Groundball, 56S, EV 66.2 MPH) (infield hit)
|
|
Batting: RHB Mike Mathews
|
0-0: Called Strike 0-1: Ball Nick Daigle is caught stealing 2nd base 2-4 1-1: Ball 2-1: SINGLE (Line Drive, 8RS, EV 105.6 MPH)
|
|
Batting: LHB Miguel Ramos
|
0-0: Ball 1-0: Called Strike 1-1: Ball Mike Mathews is caught stealing 2nd base 2-6
|
| Bottom of the 5th over - 0 runs, 2 hits, 0 errors, 0 left on base; Milwaukee (NYP) 8 - Brooklyn 4 |
| TOP OF THE 6TH |
|
Milwaukee (NYP) Brewers batting - Pitching for Brooklyn Cyclones : RHP Danny Helm
|
|
Pitching: RHP Rob Fennell
|
|
|
Batting: RHB Hector Silva
|
0-0: Ball 1-0: Called Strike 1-1: Ground out 5-3 (Groundball, 56, EV 109.4 MPH)
|
|
Batting: LHB Adam Hill
|
0-0: Ground out 5-3 (Groundball, 5L, EV 83.8 MPH)
|
|
Batting: SHB Aaron Neill
|
0-0: Ball 1-0: Called Strike 1-1: Ball 2-1: Fly out, F9 (Flyball, 9LM, EV 84.4 MPH)
|
| Top of the 6th over - 0 runs, 0 hits, 0 errors, 0 left on base; Milwaukee (NYP) 8 - Brooklyn 4 |
| BOTTOM OF THE 6TH |
|
Brooklyn Cyclones batting - Pitching for Milwaukee (NYP) Brewers : RHP Dave Mata
|
|
Batting: LHB Miguel Ramos
|
0-0: Swinging Strike 0-1: Fly out, F8 (Flyball, 8LM, EV 88.1 MPH)
|
|
Batting: RHB Andy Carrell
|
0-0: Called Strike 0-1: Ball 1-1: Foul Ball, location: 2F 1-2: Foul Ball, location: 2F 1-2: Strikes out looking
|
|
Batting: RHB Warren Carmichael
|
0-0: Swinging Strike 0-1: Foul Ball, location: 2F 0-2: Foul Ball, location: 2F 0-2: Strikes out swinging
|
| Bottom of the 6th over - 0 runs, 0 hits, 0 errors, 0 left on base; Milwaukee (NYP) 8 - Brooklyn 4 |
| TOP OF THE 7TH |
|
Milwaukee (NYP) Brewers batting - Pitching for Brooklyn Cyclones : RHP Rob Fennell
|
|
Batting: LHB Jason Raker
|
0-0: Foul Ball, location: 2F 0-1: Foul Ball, location: 2F 0-2: Ball 1-2: Ground out 4-3 (Groundball, 4, EV 90.6 MPH)
|
|
Batting: RHB Chris Maul
|
0-0: Called Strike 0-1: Called Strike 0-2: Ball 1-2: SINGLE (Groundball, 6MD, EV 97.5 MPH)
|
|
Batting: RHB Dustin Hartman
|
0-0: Called Strike 0-1: Ball 1-1: Ball Passed Ball! Chris Maul to second 2-1: Foul Ball, location: 2F 2-2: Strikes out swinging
|
|
Batting: RHB Chris Riddel
|
0-0: Called Strike Chris Maul steals 3rd base 0-1: Ground out 4-3 (Groundball, 4, EV 108.1 MPH)
|
| Top of the 7th over - 0 runs, 1 hit, 0 errors, 1 left on base; Milwaukee (NYP) 8 - Brooklyn 4 |
| BOTTOM OF THE 7TH |
|
Brooklyn Cyclones batting - Pitching for Milwaukee (NYP) Brewers : RHP Dave Mata
|
|
Batting: RHB Darwin Mills
|
0-0: Ball 1-0: Foul Ball, location: 2F 1-1: Foul Ball, location: 2F 1-2: Ground out 6-3 (Groundball, 6, EV 91.2 MPH)
|
|
Batting: SHB Harrison Feist
|
0-0: Ground out U3 (Groundball, 3S, EV 83.1 MPH)
|
|
Batting: RHB Matt Tittle
|
0-0: Foul Ball, location: 2F 0-1: Ball 1-1: Ground out 3-1 (Groundball, 34, EV 90.6 MPH)
|
| Bottom of the 7th over - 0 runs, 0 hits, 0 errors, 0 left on base; Milwaukee (NYP) 8 - Brooklyn 4 |
| TOP OF THE 8TH |
|
Milwaukee (NYP) Brewers batting - Pitching for Brooklyn Cyclones : RHP Rob Fennell
|
|
Pitching: LHP Tony Diaz
|
|
|
Batting: RHB Dusty Bates
|
0-0: Ball 1-0: Ball 2-0: Called Strike 2-1: Ball 3-1: Foul Ball, location: 2F 3-2: Foul Ball, location: 2F 3-2: Base on Balls
|
|
Batting: LHB Rick Campbell
|
0-0: Ball 1-0: Sac Bunt to 25 - play at first, batter OUT! 5-3 Dusty Bates to second
|
|
Batting: RHB Hector Silva
|
0-0: Called Strike 0-1: Ball 1-1: Ball 2-1: Ball 3-1: Foul Ball, location: 2F 3-2: Strikes out swinging
|
|
Batting: LHB Adam Hill
|
0-0: Foul Ball, location: 2F 0-1: Ground out 5-3 (Groundball, 56S, EV 72.5 MPH)
|
| Top of the 8th over - 0 runs, 0 hits, 0 errors, 1 left on base; Milwaukee (NYP) 8 - Brooklyn 4 |
| BOTTOM OF THE 8TH |
|
Brooklyn Cyclones batting - Pitching for Milwaukee (NYP) Brewers : RHP Dave Mata
|
|
Batting: SHB Tyler Maddux
|
0-0: Fly out, F8 (Flyball, 78M, EV 91.2 MPH)
|
|
Batting: SHB Nick Daigle
|
0-0: Fly out, F9 (Line Drive, 9, EV 88.8 MPH)
|
|
Batting: RHB Mike Mathews
|
0-0: SINGLE (Line Drive, 89M, EV 91.2 MPH)
|
|
Batting: LHB Miguel Ramos
|
0-0: Called Strike 0-1: Ball 1-1: Ball Wild Pitch! Mike Mathews to second 2-1: Called Strike 2-2: SINGLE (Line Drive, 6M, EV 98.8 MPH) Mike Mathews to third Runner from 3rd tries for Home, SAFE, throw by CF to home
|
|
Batting: RHB Andy Carrell
|
0-0: Fielders Choice at 2nd, 6-4 (Groundball, 6, EV 95.0 MPH)
|
| Bottom of the 8th over - 1 run, 2 hits, 0 errors, 1 left on base; Milwaukee (NYP) 8 - Brooklyn 5 |
| TOP OF THE 9TH |
|
Milwaukee (NYP) Brewers batting - Pitching for Brooklyn Cyclones : LHP Tony Diaz
|
|
Pitching: RHP Adrian Colorado
|
|
|
Batting: SHB Aaron Neill
|
0-0: Ball 1-0: Ball 2-0: Called Strike 2-1: Ball 3-1: Called Strike 3-2: Base on Balls
|
|
Batting: LHB Jason Raker
|
0-0: Called Strike 0-1: Ball 1-1: Ball 2-1: SINGLE (Groundball, 56, EV 106.9 MPH) (infield hit) Aaron Neill to second
|
|
Batting: RHB Chris Maul
|
0-0: Bunt missed! 0-1: Reached on error, E3 (Groundball, 3S, EV 43.8 MPH) Aaron Neill to third Jason Raker to second
|
|
Batting: RHB Dustin Hartman
|
0-0: Called Strike 0-1: Ball 1-1: SINGLE (Groundball, 56, EV 106.9 MPH) Aaron Neill scores Jason Raker to third Chris Maul to second Runner from 3rd tries for Home, SAFE, throw by LF to home
|
|
Batting: RHB Chris Riddel
|
0-0: Called Strike 0-1: Ball 1-1: 3-RUN HOME RUN (Flyball, 8LXD, EV 108.8 MPH), Distance : 442 ft
|
|
Pitching: RHP Ryan Stegall
|
|
|
Batting: RHB Dusty Bates
|
0-0: Foul Ball, location: 2F 0-1: Foul Ball, location: 2F 0-2: Foul Ball, location: 2F 0-2: Ball 1-2: Ball 2-2: Single, Error in OF, E7, batter to second base (Line Drive, 56D, EV 97.5 MPH)
|
|
Batting: LHB Rick Campbell
|
0-0: Called Strike 0-1: Swinging Strike 0-2: Foul Ball, location: 2F 0-2: Ball 1-2: Ball Wild Pitch! Dusty Bates to third 2-2: Strikes out swinging
|
|
Batting: RHB Hector Silva
|
0-0: Ball 1-0: Called Strike 1-1: Swinging Strike 1-2: Strikes out looking
|
|
Batting: LHB Adam Hill
|
0-0: Called Strike 0-1: Called Strike 0-2: Strikes out swinging
|
| Top of the 9th over - 5 runs, 4 hits, 2 errors, 1 left on base; Milwaukee (NYP) 13 - Brooklyn 5 |
| BOTTOM OF THE 9TH |
|
Brooklyn Cyclones batting - Pitching for Milwaukee (NYP) Brewers : RHP Dave Mata
|
|
Batting: RHB Warren Carmichael
|
0-0: Ball 1-0: Called Strike 1-1: DOUBLE (Line Drive, 89D, EV 108.8 MPH)
|
|
Pinch Hitting: RHB Mike Patterson
|
0-0: Foul Ball, location: 2F 0-1: Ground out U3 (Groundball, 34, EV 103.8 MPH) Warren Carmichael to third
|
|
Pitching: LHP Willis Escobedo
|
|
|
Batting: SHB Harrison Feist
|
0-0: Called Strike 0-1: Ball 1-1: Ball 2-1: 2-RUN HOME RUN (Flyball, 89XD, EV 101.2 MPH), Distance : 413 ft
|
|
Batting: RHB Matt Tittle
|
0-0: Ball 1-0: Called Strike 1-1: Ball 2-1: Ball 3-1: Swinging Strike 3-2: Strikes out swinging
|
|
Batting: SHB Tyler Maddux
|
0-0: Ground out 6-3 (Groundball, 6, EV 91.9 MPH)
|
| Bottom of the 9th over - 2 runs, 2 hits, 0 errors, 0 left on base; Milwaukee (NYP) 13 - Brooklyn 7 |
|